 Dungeon Crawl Stone Soup version 0.29-a0-275-g389c0b56f3 (webtiles) character file.

Game seed: 6951989669182603464

89 PaleWalker the Chopper (level 4, -7/41 HPs)
             Began as a Minotaur Berserker on Mar 10, 2022.
             Was a Believer of Trog.
             Shot with an arrow by a centaur (9 damage)
             ... on level 3 of the Dungeon.
             The game lasted 00:03:47 (1637 turns).

PaleWalker the Chopper (Minotaur Berserker)         Turns: 1637, Time: 00:03:48

Health: -7/41      AC:  6    Str: 23    XL:     4   Next: 31%
Magic:  3/3        EV: 14    Int:  4    God:    Trog [**....]
Gold:   105        SH:  0    Dex: 10    Spells: 3/3 levels left

rFire   . . .      SeeInvis .   a - +0 hand axe
rCold   . . .      Faith    .   (no shield)
rNeg    . . .      Spirit   .   c - +0 scale mail
rPois   .          Reflect  .   (helmet restricted)
rElec   .          Harm     .   (no cloak)
rCorr   .          Rampage  .   (no gloves)
Will    .....                   (no boots)
Stlth   ..........              (no amulet)
HPRegen 0.13/turn               n - +4 ring of evasion
MPRegen 0.08/turn               (no ring)

@: no status effects
A: horns 2, retaliatory headbutt
a: Renounce Religion, Berserk, Trog's Hand


You were on level 3 of the Dungeon.
You worshipped Trog.
Trog was pleased with you.
You visited 1 branch of the dungeon, and saw 3 of its levels.

You collected 105 gold pieces.

Inventory:

Hand Weapons
 a - a +0 hand axe (weapon)
Armour
 c - a +0 scale mail (worn)
Jewellery
 n - a +4 ring of evasion (left hand)
Wands
 i - a wand of flame (27)
Scrolls
 g - a scroll of enchant weapon {unknown}
 j - 2 scrolls of teleportation {unknown}
 k - a scroll of identify {unknown}
 m - 2 scrolls of vulnerability {unknown}
Potions
 b - a potion of lignification {unknown}
 d - a potion of flight {unknown}
 e - 2 potions of heal wounds {unknown}
 f - a potion of curing {unknown}
 h - a potion of degeneration {unknown}
 l - a potion of resistance {unknown}


   Skills:
 + Level 4.6 Fighting
 * Level 5.5 Axes
 - Level 2.4 Armour
 - Level 2.1 Dodging


You had 3 spell levels left.
You didn't know any spells.
Your spell library was empty.

Dungeon Overview and Level Annotations

Branches:
Dungeon (3/15)

Altars:
The Shining One


Innate Abilities, Weirdness & Mutations

You have a pair of horns on your head.
You reflexively headbutt those who attack you in melee.


Message History

There is an open door here.
You see here a frilled lizard corpse.
Things that are here:
a +0 club; 5 stones; a kobold corpse A kobold zombie is nearby!
You hit the kobold zombie.
The kobold zombie is moderately damaged.
The kobold zombie hits you but does no damage. x2
You slash the kobold zombie!
You destroy the kobold zombie!
Trog accepts your kill.
No target in view!
You feel yourself speed up.
You now have 105 gold pieces (gained 13).
You recover from your berserk rage.
Found a chain mail.
A ball python comes into view.
The ball python hisses angrily.
The ball python moves out of view.
A centaur comes into view.
You see here a +4 ring of evasion.
n - a +4 ring of evasion The centaur shouts!
The centaur wields a +0 shortbow.
The centaur shoots an arrow.
The arrow hits you!
The centaur shoots an arrow.
The arrow hits you!
The centaur shoots an arrow.
The arrow hits you!
The centaur shoots an arrow.
The arrow hits you!
* * * LOW HITPOINT WARNING * * *
The centaur shoots an arrow.
The arrow closely misses you.
n - a +4 ring of evasion (left hand)
The centaur shoots an arrow.
The arrow hits you.
* * * LOW HITPOINT WARNING * * *
Aiming: Throw Flame
Press: ? - help, Shift-Dir - straight line, f - centaur
Aim: a centaur, wielding a +0 shortbow (81% to hit)
The puff of flame hits the centaur.
The centaur is lightly wounded.
The centaur shoots an arrow.
The arrow hits you!
You die...

#.................
.................#
................##.. #..
#.....#c..............##..
#.....#.S.................
#.....#...c...............
#.....#..................
#.......##.........##.#.##
#.....#.#@.....##..##..'.#
#...............##..##.....
#.#.########....##..##.....
#.#. #....##...'†)_.. # ##
#........#......
#....#...##.....
#..####..####.## #..#
#...#....# #..# #.........


You could see a centaur.

Vanquished Creatures
  A crimson imp (D:3)
  A worm (D:2)
  A dart slug (D:1)
  2 ball pythons
  7 endoplasms
  2 giant cockroaches
  3 goblins
  5 hobgoblins
  3 jackals (D:1)
  2 quokkas (D:1)
  3 bats
  4 frilled lizards
  3 goblin zombies (D:3)
  4 hobgoblin zombies (D:3)
  6 kobolds
  A kobold skeleton (D:3)
  A kobold zombie (D:3)
  An orc skeleton (D:3)
  An orc zombie (D:3)
51 creatures vanquished.

Notes
Turn   | Place    | Note
-------+----------+-------------------------------------------
     0 | D:1      | PaleWalker the Minotaur Berserker began the quest for the
                  | Orb.
     0 | D:1      | Reached XP level 1. HP: 19/19 MP: 0/0
   134 | D:1      | Reached skill level 4 in Axes
   180 | D:1      | Reached XP level 2. HP: 25/27 MP: 1/1
   840 | D:1      | Reached XP level 3. HP: 33/33 MP: 2/2
  1044 | D:2      | Reached ** piety under Trog
  1257 | D:2      | Reached skill level 5 in Axes
  1549 | D:3      | Found a glowing golden altar of the Shining One.
  1580 | D:3      | Reached XP level 4. HP: 41/41 MP: 3/3
  1624 | D:3      | Noticed a centaur
  1636 | D:3      | HP: 2/41 [centaur/arrow (5)]
  1637 | D:3      | Shot with an arrow by a centaur

Illustrated notes

Levels and vault maps discovered:
D:1:      sevenhm_arrival_forest_fort_small_4, layout_basic
D:2:      layout_loops_ring, st_stairs_12, minmay_misc_feat_doors
D:3:      layout_basic, nicolae_tso_besieged_by_evil, lemuel_crystal_altar,
          minivault_23, minivault_27, serial_bayou_pond_d

Skill      XL: |  1  2  3 |
---------------+----------+-----
Axes           | 4 5 |  5.5
Fighting       | 4 |  4.6
Armour         | |  2.4
Dodging        | |  2.1

Action                   |  1- 3 |  4- 6 || total
-------------------------+-------+-------++-------
Melee: Hand axe          |    83 |    11 ||    94
       Headbutt          |    19 |     1 ||    20
       Punch             |     1 |       ||     1
Invok: Berserk           |     1 |       ||     1
Evoke: Wand              |       |     1 ||     1
Armor: Scale mail        |    37 |     3 ||    40
Dodge: Dodged            |    46 |     7 ||    53

Table legend: (Time is in decaauts)
 A = Elapsed time spent in this place.
 B = Non-inter-level travel time spent in this place.
 C = Inter-level travel time spent in this place.
 D = Time resting spent in this place.
 E = Time spent auto-exploring this place.
 F = Levels seen in this place.
 G = Mean time per level.
                   A        B        C        D        E       F      G
               +--------+--------+--------+--------+--------+-----+--------+
         Total |   1658 |   1587 |     71 |      0 |   1303 |   3 |  552.7 |
       Dungeon |   1658 |   1587 |     71 |      0 |   1303 |   3 |  552.7 |
               +--------+--------+--------+--------+--------+-----+--------+

Top non-repeatable levels by time:
     D:1: 909 daAuts
     D:2: 604 daAuts
     D:3: 145 daAuts
